 Dungeon Sprint DCSS version 0.26-a0-660-gc07710193c (webtiles) character file.

Game seed: 5359981046286027313

5112 mhtbhm the Swashbuckler (level 10, -2/76 HPs)
             Began as a Kobold Berserker on Oct 6, 2020.
             Was a High Priest of Trog.
             Splashed by a jelly's acid (5 damage)
             ... in the Dungeon (Sprint I: "Red Sonja").
             The game lasted 00:02:48 (1471 turns).

mhtbhm the Swashbuckler (Kobold Berserker)          Turns: 1471, Time: 00:02:49

Health: -2/76      AC: -17   Str: 17    XL:     10   Next: 88%
Magic:  10/10      EV: 21    Int: 10    God:    Trog [*****.]
Gold:   532        SH:  0    Dex: 14    Spells: 9/9 levels left

rFire    . . .     SeeInvis .   a - +0 short sword
rCold    . . .     Faith    .   (shield restricted)
rNeg     . . .     Spirit   .   b - +3 leather armour {rPois}
rPois    +         Reflect  .   (no helmet)
rElec    .         Harm     .   (no cloak)
rCorr    .         Rampage  .   (no gloves)
MR       .....     NoTele   +   (no boots)
Stlth    ++++++....             (no amulet)
HPRegen  0.22/turn              (no ring)
MPRegen  0.12/turn              (no ring)

@: corroded, berserk cooldown, slowed, very slow
A: small, nightstalker 3
a: Berserk, Trog's Hand, Brothers in Arms, Renounce Religion


You were in the Dungeon.
You worshipped Trog.
Trog was extremely pleased with you.
You visited 1 branch You collected 752 gold pieces.
You spent 220 gold pieces at shops.

Inventory:

Hand Weapons
 a - a +0 short sword (weapon)
Armour
 b - a +3 leather armour of poison resistance (worn)
Scrolls
 h - a scroll of enchant armour {unknown}
 j - a scroll of remove curse {unknown}
Potions
 e - a potion of haste
 f - 2 potions of magic
 g - a potion of berserk rage
 i - a potion of mutation {unknown}
Miscellaneous
 k - a condenser vane (2/2)


   Skills:
 + Level 15.1 Fighting
 + Level 17.5 Short Blades
 + Level 6.6 Armour
 + Level 9.9 Dodging
 + Level 13.1 Stealth


You had 9 spell levels left.
You didn't know any spells.
Your spell library was empty.

Dungeon Overview and Level Annotations

Branches:
Dungeon (1/1)

Altars:
Cheibriados
Dithmenos
Elyvilon
Fedhas
Gozag
Hepliaklqana
Kikubaaqudgha
Makhleb
Nemelex Xobeh
Okawaru
Qazlal
Ru
Sif Muna
Trog
Uskayaw
Vehumet
Wu Jian
Xom
Yredelemnul
Zin
The Shining One
Jiyva
Lugonu

Shops:
D }[


Innate Abilities, Weirdness & Mutations

You are small and have problems with some larger weapons.
You are completely attuned to the shadows.


Message History

* * * LOW HITPOINT WARNING * * *
You are splashed with acid.
* * * LOW HITPOINT WARNING * * *
You feel a strong urge to attack something.
You are no longer berserk.
You are exhausted.
You feel yourself slow down.
Unknown command.
Okay, then.
Okay, then.
Your troll goes berserk!
The jelly misses you.
Unknown command.
You hit the jelly but do no damage.
Your hands burn!
* * * LOW HITPOINT WARNING * * *
The jelly is severely wounded.
The jelly hits you.
* * * LOW HITPOINT WARNING * * *
You are splashed with acid.
You die...

.#__####..##.#≈§§.)#§§#
.#_____##'#_§'§§≈§.§§§#
#_.∩...'..._#§≈≈.§#§§#
#_..__##_.#'##§#####'###
#_____###+#.#§(()###.'.#
####### ####÷###)###.#
+.....')∩##.#
###########§#
#..@..§§##§#
#).J...§.§§#
#T'§######§#
#...§..§§#§# #..... #'§#
....§§ ####


You could see a jelly and a friendly troll (summoned, berserk).

Vanquished Creatures
  2 centaur warriors (D)
  2 unseen horrors (D)
  A deep troll (D)
  An oklob plant (D)
  2 kobold demonologists (D)
  A hornet (D)
  A slime creature (D)
  2 redbacks (D)
  Sigmund (D)
  A yak (D)
  2 floating eyes (D)
  An ogre (D)
  7 jellies (D)
  Ijyb (D)
25 creatures vanquished.

Vanquished Creatures (others)
  A gargoyle (D)
1 creature vanquished.

Grand Total: 26 creatures vanquished

Notes
Turn   | Place    | Note
-------+----------+-------------------------------------------
     0 | D        | mhtbhm the Kobold Berserker began the quest for the Orb.
     0 | D        | Reached XP level 1. HP: 14/14 MP: 1/1
     2 | D        | Noticed Ijyb
    14 | D        | Killed Ijyb
    14 | D        | Reached skill level 6 in Short Blades
    14 | D        | Reached XP level 2. HP: 20/20 MP: 2/2
    14 | D        | Reached XP level 3. HP: 25/25 MP: 3/3
    73 | D        | Noticed an ogre
    79 | D        | Killed an ogre
    79 | D        | Reached skill level 8 in Short Blades
    79 | D        | Reached skill level 1 in Stealth
    79 | D        | Reached XP level 4. HP: 32/32 MP: 4/4
    79 | D        | Reached XP level 5. HP: 37/37 MP: 5/5
    87 | D        | Killed a gargoyle
   184 | D        | Noticed Sigmund
   188 | D        | Killed Sigmund
   188 | D        | Reached ** piety under Trog
   188 | D        | Reached skill level 10 in Short Blades
   188 | D        | Reached skill level 5 in Dodging
   188 | D        | Reached XP level 6. HP: 45/45 MP: 6/6
   202 | D        | Found an ornate altar of the Wu Jian Council.
   203 | D        | Found a shimmering blue altar of Sif Muna.
   204 | D        | Found a radiant altar of Vehumet.
   240 | D        | Found a hazy altar of Hepliaklqana.
   240 | D        | Found a stormy altar of Qazlal.
   240 | D        | Found a hide-covered altar of Uskayaw.
   240 | D        | Found a blossoming altar of Fedhas.
   240 | D        | Noticed a yak
   241 | D        | Found Necacamoami's Gadget Emporium.
   241 | D        | Found a bloodstained altar of Trog.
   241 | D        | Found an opulent altar of Gozag.
   241 | D        | Found a snail-covered altar of Cheibriados.
   242 | D        | Killed a yak
   242 | D        | Reached skill level 11 in Short Blades
   242 | D        | Reached XP level 7. HP: 52/52 MP: 7/7
   243 | D        | Found an iron altar of Okawaru.
   243 | D        | Found a sparkling altar of Nemelex Xobeh.
   243 | D        | Found a sacrificial altar of Ru.
   243 | D        | Found a glowing silver altar of Zin.
   244 | D        | Found an ancient bone altar of Kikubaaqudgha.
   244 | D        | Found a basalt altar of Yredelemnul.
   244 | D        | Found a glowing golden altar of the Shining One.
   244 | D        | Found a shadowy altar of Dithmenos.
   244 | D        | Found a white marble altar of Elyvilon.
   260 | D        | Found a burning altar of Makhleb.
   260 | D        | Found a viscous altar of Jiyva.
   260 | D        | Found a shimmering altar of Xom.
   260 | D        | Found a corrupted altar of Lugonu.
   260 | D        | Noticed a slime creature
   272 | D        | Killed a slime creature
   272 | D        | Reached *** piety under Trog
   272 | D        | Reached skill level 10 in Fighting
   272 | D        | Reached skill level 12 in Short Blades
   272 | D        | Reached skill level 5 in Stealth
   332 | D        | Bought a condenser vane (2/2) for 220 gold pieces
   352 | D        | Noticed a kobold demonologist
   353 | D        | Noticed a kobold demonologist
   355 | D        | Noticed an orange demon
   355 | D        | Killed a kobold demonologist
   355 | D        | Reached skill level 13 in Short Blades
   355 | D        | Reached XP level 8. HP: 60/60 MP: 8/8
   388 | D        | Noticed a sixfirhy
   412 | D        | Killed a kobold demonologist
   412 | D        | Reached **** piety under Trog
   412 | D        | Reached skill level 14 in Short Blades
   412 | D        | Reached skill level 5 in Armour
   434 | D        | Noticed a centaur warrior
   434 | D        | Noticed a centaur warrior
   436 | D        | Killed a centaur warrior
   436 | D        | Reached skill level 15 in Short Blades
   436 | D        | Reached XP level 9. HP: 67/67 MP: 9/9
   437 | D        | Killed a centaur warrior
   437 | D        | Reached ***** piety under Trog
   456 | D        | Noticed a deep troll
   466 | D        | Killed a deep troll
   466 | D        | Reached skill level 16 in Short Blades
   466 | D        | Reached skill level 10 in Stealth
   466 | D        | Reached XP level 10. HP: 37/74 MP: 10/10
   479 | D        | Found Daehu's Armour Emporium.
   709 | D        | Noticed an oklob plant
   711 | D        | Killed an oklob plant
  1006 | D        | Killed an unseen horror
  1006 | D        | Reached skill level 17 in Short Blades
  1370 | D        | Killed an unseen horror
  1370 | D        | Reached skill level 15 in Fighting
  1442 | D        | Received a gift from Trog
  1471 | D        | HP: 3/76 [jelly (2)]
  1471 | D        | Splashed by a jelly's acid

Illustrated notes

Levels and vault maps discovered:
D:        dungeon_sprint_1 [red_sonja_temple_1, red_sonja_temple_small_1]

Skill      XL: |  1  2  3  4  5  6  7  8  9 10 |
---------------+-------------------------------+-----
Fighting       | 4 6 8 9 11 12 13 15 | 15.1
Short Blades   | 6 8 10 11 13 15 16 17 | 17.5
Armour         | 2 3 4 5 6 |  6.6
Dodging        | 3 4 5 6 7 8 9 |  9.9
Stealth        | 1 2 4 6 8 10 13 | 13.1

Action                   |  1- 3 |  4- 6 |  7- 9 | 10-12 || total
-------------------------+-------+-------+-------+-------++-------
Melee: Short sword       |    13 |     4 |    57 |    83 ||   157
Invok: Berserk           |     2 |       |     2 |     3 ||     7
       Brothers in Arms  |       |       |       |     2 ||     2
Evoke: Condenser vane    |       |       |     1 |       ||     1
  Use: Scroll            |       |       |     1 |       ||     1
       Potion            |       |       |       |     2 ||     2
 Stab: Sleeping          |     1 |     3 |     2 |     4 ||    10
Armor: Animal skin       |     1 |       |       |       ||     1
       Leather armour    |       |       |     5 |    13 ||    18
Dodge: Dodged            |     6 |       |    14 |    40 ||    60

Table legend: (Time is in decaauts)
 A = Elapsed time spent in this place.
 B = Non-inter-level travel time spent in this place.
 C = Inter-level travel time spent in this place.
 D = Time resting spent in this place.
 E = Time spent auto-exploring this place.
 F = Levels seen in this place.
 G = Mean time per level.
                   A        B        C        D        E       F      G
               +--------+--------+--------+--------+--------+-----+--------+
         Total |   1460 |   1460 |      0 |   1003 |      0 |   1 | 1460.0 |
       Dungeon |   1460 |   1460 |      0 |   1003 |      0 |   1 | 1460.0 |
               +--------+--------+--------+--------+--------+-----+--------+

Top non-repeatable levels by time:
       D: 1460 daAuts
